 Dungeon Crawl Stone Soup version 0.25.0-11-g1f837a76a1 (webtiles) character file.

Game seed: 5794878268001771509

6003 Esekla the Magician (level 10, -4/53 HPs)
             Began as a Vine Stalker Conjurer on June 26, 2020.
             Was a Follower of Vehumet.
             Slain by an orc warrior
             ... wielding a +0 glaive
              (19 damage)
             ... in a bailey.
             The game lasted 01:38:09 (11506 turns).

Esekla the Magician (Vine Stalker Conjurer)        Turns: 11506, Time: 01:38:10

Health: -4/53      AC: 13    Str: 11    XL:     10   Next: 85%
Magic:  0/22       EV: 14    Int: 18    God:    Vehumet [*.....]
Gold:   471        SH:  0    Dex: 15    Spells: 14/24 levels left

rFire    . . .     SeeInvis .   y - +5 scythe (vorpal)
rCold    . . .     Gourm    .   (shield currently unavailable)
rNeg     . . .     Faith    .   J - +3 leather armour
rPois    .         Spirit   +   L - +2 helmet
rElec    .         Reflect  .   K - +1 cloak {rCorr}
rCorr    +         Harm     .   (no gloves)
MR       +....                  g - +0 pair of boots
Stlth    ++........             (no amulet)
HPRegen  0.57/turn              (no ring)
MPRegen  0.18/turn              (no ring)

@: no status effects
A: fangs 3, regeneration 1, magic shield, antimagic bite, no potion heal 3, rot
immunity
a: Renounce Religion


You were in a bailey.
You worshipped Vehumet.
Vehumet was aware of your devotion.
You were near starving.

You visited 2 branches of the dungeon, and saw 10 of its levels.
You also visited: Ossuary and Bailey.

You collected 471 gold pieces.

Inventory:

Hand Weapons
 a - a +0 falchion
 f - a +2 dagger of flaming
 y - a +5 vorpal scythe (weapon)
 A - the +1 hand axe "Doddew" {vorpal, rF+ Str+4 Dex-5}
   (You found it on level 4 of the Dungeon)

   It inflicts extra damage upon your enemies.
   It affects your strength (+4).
   It affects your dexterity (-5).
   It protects you from fire.
 I - a +4 dagger
 R - a +1 trident of flaming
Missiles
 o - 40 poisoned darts (quivered)
 p - 17 boomerangs
 t - 8 curare-tipped darts
Armour
 g - a +0 pair of boots (worn)
 J - a +3 leather armour (worn)
 K - a +1 cloak of preservation (worn)
 L - a +2 helmet (worn)
Wands
 i - a wand of clouds (11)
 l - a wand of paralysis (5)
 n - a wand of enslavement (7)
 x - a wand of flame (14)
 O - a wand of disintegration (13)
Scrolls
 d - 4 scrolls of fear
 m - a scroll of blinking {unknown}
 s - 2 scrolls of enchant armour {unknown}
 v - 4 scrolls of random uselessness {unknown}
 w - 5 scrolls of teleportation
 D - a scroll of amnesia {unknown}
 E - 5 scrolls of enchant weapon {unknown}
 P - a scroll of vulnerability {unknown}
 Q - 2 scrolls of fog {unknown}
Potions
 e - 2 potions of stabbing
 j - 3 potions of lignification {unknown}
 k - 2 potions of ambrosia
 q - 2 potions of resistance
 u - 2 potions of degeneration {unknown}
 B - 4 potions of flight
 F - a potion of haste {unknown}
 H - 3 potions of mutation {unknown}
 M - a potion of brilliance {unknown}
 N - a potion of berserk rage {unknown}
Comestibles
 c - 19 rations


   Skills:
 + Level 5.7 Fighting
 + Level 5.5(5.9) Short Blades
 * Level 3.1(4.7) Long Blades
 + Level 0.1 Polearms
 + Level 5.6 Armour
 + Level 4.2 Dodging
 - Level 2.4 Stealth
 * Level 7.5 Spellcasting
 + Level 6.7 Conjurations
 * Level 2.0 Hexes
 * Level 1.7 Air Magic


You had 14 spell levels left.
You knew the following spells:

 Your Spells              Type           Power        Failure   Level  Hunger
a - Magic Dart            Conj           ####         1%          1    None
b - Shock                 Conj/Air       ###.         2%          1    None
c - Tukima's Dance        Hex            ##......     17%         3    #......
d - Dazzling Flash        Conj/Hex       ###...       6%          3    #......
e - Searing Ray           Conj           ####..       1%          2    None

Your spell library contained the following spells:

 Spells                   Type           Power        Failure   Level  Hunger
 Corona                   Hex            ##.....      5%          1    None
 Ensorcelled Hibernation  Hex/Ice        ##....       13%         2    None
 Confusing Touch          Hex            ##......     17%         3    #......
 Fulminant Prism          Conj/Hex       ###.......   22%         4    ###....
 Iskenderun's Mystic Bla  Conj/Tloc      ###.....     32%         4    ###....


Dungeon Overview and Level Annotations

Branches:
Dungeon (9/15)             Temple (1/1) D:7         Ossuary (visited)
 Bailey (1/1)
   Lair: D:8-11         Orc: D:9-12

Altars:
Ashenzari
Gozag
Nemelex Xobeh
Okawaru
Trog
Vehumet
Wu Jian
The Shining One

Annotations:
D:3 2 transporters, SamuraiZach's ghost, amateur TrBe
D:6 1 runed translucent door, Flugkiller's ghost, amateur SpEn


Innate Abilities, Weirdness & Mutations

You have razor-sharp teeth.
Your natural rate of healing is unusually fast.
When hurt, damage is shared between your health and your magic reserves.
Your bite disrupts and absorbs the magic of your enemies.
Potions cannot restore your health.
You are immune to rotting.


Message History

Aim: an orc warrior, wielding a +0 glaive and wearing a +0 plate armour (lightly wounded)
You reach to attack!
You hit the orc warrior but do no damage.
The orc warrior is lightly wounded.
The orc warrior hits you from afar with a +0 glaive!!
Attack whom?
Press: ? - help, Dir - move target cursor, f/p - orc warrior
Aim: an orc warrior, wielding a +0 glaive and wearing a +0 plate armour (lightly wounded)
You reach to attack!
You barely miss the orc warrior.
The orc warrior is lightly wounded.
The orc warrior hits you from afar with a +0 glaive!!
The orc warrior hits you from afar with a +0 glaive!
* * * LOW HITPOINT WARNING * * *
You are near starving!
Why would you want to do that? Why would you want to do that?
The orc warrior hits you from afar with a +0 glaive!!
* * * LOW HITPOINT WARNING * * *
The orc warrior hits you from afar with a +0 glaive!!
You die...

#.≈.#####
#.≈)##.$$ #.≈)(##
#.≈≈..## #∩.≈≈..#
##.≈≈..# #.≈≈..##
#.≈..## #@≈.##
#.≈.########## ##+
#.≈ooo.......##...
#.≈≈≈≈≈≈≈≈≈≈.)##.∩
#..........≈≈).##
##########..≈≈..##
##..≈≈... ##..≈≈≈≈
##.....


You could see an orc warrior and 2 orcs.

Vanquished Creatures
  Joseph (D:8)
  A queen bee (D:8)
  Prince Ribbit (D:7)
  A hornet (D:8)
  A hippogriff (D:7)
  Sigmund (D:6)
  A wyvern (D:8)
  Duvessa (D:6)
  2 phantoms (D:5)
  An ice beast (D:7)
  3 sky beasts
  An eye of draining (D:6)
  An orc warrior (Bailey)
  An ogre (D:4)
  5 centaurs
  2 crocodiles
  A big kobold (D:7)
  5 bullfrogs
  9 scorpions
  Dowan (D:6)
  3 wights (D:7)
  12 killer bees (D:8)
  3 jellies
  8 crimson imps
  2 centaur zombies
  3 hounds
  3 human zombies (Ossuary)
  7 orc priests
  A centaur skeleton (D:4)
  Crazy Yiuf (D:2)
  2 bullfrog skeletons
  2 iguanas
  5 orc wizards
  4 worker ants
  3 big kobold zombies (Ossuary)
  3 mummies (Ossuary)
  6 gnolls
  9 adders
  3 scorpion zombies (Ossuary)
  2 shadow imps
  2 oozes (D:2)
  An adder skeleton (D:5)
  An adder zombie (D:9)
  2 dart slugs
  5 leopard geckos
  39 orcs
  9 giant cockroaches
  6 gnoll zombies (Ossuary)
  11 goblins
  5 hobgoblins
  11 jackals
  11 kobolds
  A quokka (D:6)
  2 ball pythons
  9 bats
  5 frilled lizards
  A goblin zombie (Ossuary)
  2 hobgoblin zombies (Ossuary)
  2 jackal skeletons (D:4)
  A leopard gecko skeleton (D:9)
  An orc zombie (Ossuary)
  A quokka skeleton (D:4)
  8 rats
258 creatures vanquished.

Vanquished Creatures (others)
  A goblin zombie (Ossuary)
1 creature vanquished.

Grand Total: 259 creatures vanquished

Notes
Turn   | Place    | Note
-------+----------+-------------------------------------------
     0 | D:1      | Esekla the Vine Stalker Conjurer began the quest for the
                  | Orb.
     0 | D:1      | Reached XP level 1. HP: 9/9 MP: 4/4
   524 | D:1      | Reached XP level 2. HP: 7/14 MP: 0/6
   531 | D:1      | Learned a level 2 spell: Searing Ray
  1079 | D:2      | Found an ornate altar of the Wu Jian Council.
  1118 | D:2      | Reached XP level 3. HP: 17/17 MP: 3/7
  1381 | D:3      | Gained mutation: Your natural rate of healing is unusually
                  | fast. [Vine Stalker growth]
  1381 | D:3      | Reached XP level 4. HP: 21/21 MP: 4/8
  1434 | D:3      | Reached skill level 1 in Fighting
  1498 | D:3      | Reached skill level 5 in Conjurations
  1768 | D:2      | Reached skill level 1 in Armour
  1768 | D:2      | Reached skill level 3 in Spellcasting
  1768 | D:2      | Reached XP level 5. HP: 11/25 MP: 2/10
  2189 | D:3      | Reached skill level 1 in Short Blades
  2318 | D:4      | Reached XP level 6. HP: 30/30 MP: 9/12
  2954 | D:4      | Got an ichor-stained hand axe
  2972 | D:4      | Identified the +1 hand axe "Doddew" {vorpal, rF+ Str+4
                  | Dex-5} (You found it on level 4 of the Dungeon)
  3138 | D:5      | Entered Level 5 of the Dungeon
  3336 | D:5      | Reached XP level 7. HP: 35/35 MP: 7/13
  3377 | D:5      | Reached skill level 4 in Spellcasting
  4193 | D:6      | Noticed Sigmund
  4204 | D:6      | Killed Sigmund
  4210 | D:6      | Gained mutation: You have razor-sharp teeth. [Vine Stalker
                  | growth]
  4210 | D:6      | Reached XP level 8. HP: 10/39 MP: 8/15
  4501 | D:6      | Got a shimmering ring mail
  4557 | D:6      | Identified the cursed +0 ring mail "Keywol" {rF+++ Str+7
                  | Int-2} (You found it on level 6 of the Dungeon)
  4626 | D:6      | Found a runed translucent door.
  4629 | D:6      | Noticed Flugkiller's ghost (amateur SpEn)
  4833 | D:5      | Reached skill level 5 in Spellcasting
  4925 | D:6      | Noticed Dowan
  4926 | D:6      | Noticed Duvessa
  5321 | D:5      | Reached XP level 9. HP: 31/45 MP: 7/18
  5773 | D:7      | Found a sand-covered staircase.
  5873 | Ossuary  | Entered an ossuary
  6395 | Ossuary  | Reached skill level 6 in Spellcasting
  6719 | D:7      | Reached skill level 5 in Armour
  6772 | D:7      | Reached skill level 5 in Short Blades
  6776 | D:7      | Reached skill level 5 in Fighting
  6957 | D:7      | Noticed Prince Ribbit
  6965 | D:7      | Killed Prince Ribbit
  6965 | D:7      | Reached XP level 10. HP: 51/51 MP: 5/20
  7021 | D:7      | Found a staircase to the Ecumenical Temple.
  7035 | Temple   | Entered the Ecumenical Temple
  7060 | Temple   | Became a worshipper of Vehumet
  7628 | D:2      | Found a runed translucent door.
  7629 | D:2      | Noticed Crazy Yiuf
  8268 | D:2      | Killed Crazy Yiuf
  8538 | D:3      | Found a transporter.
  8540 | D:3      | Found a transporter.
  8540 | D:3      | Noticed SamuraiZach's ghost (amateur TrBe)
  8860 | D:6      | Killed Dowan
  8889 | D:6      | Found a bloodstained altar of Trog.
  9262 | D:6      | Killed Duvessa
  9586 | D:7      | Reached skill level 1 in Long Blades
 10110 | D:8      | Reached skill level 7 in Spellcasting
 10123 | D:8      | Learned a level 3 spell: Dazzling Flash
 10141 | D:8      | Reached * piety under Vehumet
 10141 | D:8      | Offered knowledge of Shock by Vehumet.
 10159 | D:8      | Learned a level 1 spell: Shock
 10208 | D:8      | Noticed Joseph
 10227 | D:8      | Killed Joseph
 10550 | D:8      | Paralysed by a hornet for 1 turns
 10551 | D:8      | Reached skill level 1 in Hexes
 10551 | D:8      | Reached skill level 1 in Air Magic
 11297 | D:9      | Found a flagged portal.
 11332 | D:9      | Learned a level 3 spell: Tukima's Dance
 11349 | Bailey   | Entered a bailey
 11506 | Bailey   | Slain by an orc warrior

Illustrated notes

Levels and vault maps discovered:
D:1:      dpeg_arrival_brainrot, layout_basic
D:2:      layout_loops_corners, old_standard_altar, hangedman_decor_points,
          uniq_crazy_yiuf_cottage
D:3:      layout_rooms, gammafunk_ghost_mausoleum
D:4:      kennysheep_spiral_hall, layout_basic, first_ration
D:5:      layout_basic, kennysheep_generic_room_8
D:6:      layout_layer_cave, ebering_ghost_reflecting_pool, bloody_trog,
          uniq_duvessa, uniq_sigmund
D:7:      layout_basic, minmay_temple_entry_wispy,
          nicolae_ossuary_entry_false_entrances, uniq_prince_ribbit1
D:8:      layout_basic, david_nohive_1, uniq_joseph
D:9:      layout_small_grid, enter_bailey_2, uniq_maggie
Temple:   minmay_crystal_snake_temple
Bailey:   bailey_polearm_1, bailey

Skill      XL: |  1  2  3  4  5  6  7  8  9 10 |
---------------+-------------------------------+-----
Fighting       | 1 2 3 5 |  5.7
Conjurations   | 5 6 |  6.7
Armour         | 1 2 3 5 |  5.6
Spellcasting   | 3 4 5 6 7 |  7.5
Short Blades   | 1 2 4 5 |  5.5
Dodging        | 2 3 4 |  4.2
Long Blades    | 3 |  3.1
Hexes          | 2 |  2.0
Air Magic      | 1 |  1.7
Polearms       | |  0.1
Stealth        | |  2.4

Action                   |  1- 3 |  4- 6 |  7- 9 | 10-12 || total
-------------------------+-------+-------+-------+-------++-------
Melee: Unarmed           |     1 |       |       |       ||     1
       Dagger            |     8 |    60 |   214 |    21 ||   303
       Bite              |       |    13 |    85 |    22 ||   120
       Falchion          |       |       |       |    43 ||    43
       Scythe            |       |       |       |    17 ||    17
       Trident           |       |       |       |    12 ||    12
Throw: Dart              |       |     1 |    10 |    14 ||    25
       Boomerang         |       |       |     6 |       ||     6
 Cast: Magic Dart        |    27 |    13 |     2 |     6 ||    48
       Searing Ray       |     7 |    26 |    63 |    51 ||   147
  Use: Scroll            |       |       |     9 |     4 ||    13
 Stab: Sleeping          |     2 |     1 |     4 |     4 ||    11
       Distracted        |       |       |       |     1 ||     1
  Eat: Chunk             |     2 |     7 |    10 |    12 ||    31
       Ration            |       |       |     1 |       ||     1
Armor: Robe              |     2 |       |       |       ||     2
       Leather armour    |     1 |    30 |    36 |    54 ||   121
       Ring mail         |       |       |    21 |       ||    21
Dodge: Dodged            |     7 |    61 |   132 |    98 ||   298
       Rpst.: Falchion   |       |       |       |    24 ||    24
